 Dungeon Crawl Stone Soup version 0.28-a0-1152-g9c71ebef14 (webtiles) character file.

Game seed: 1551362262384460668

625 Redcow54321 the Grappler (level 7, -1/35 HPs)
             Began as a Vine Stalker Fighter on Dec 14, 2021.
             Succumbed to a scorpion's poison
             ... on level 4 of the Dungeon.
             The game lasted 00:05:48 (3717 turns).

Redcow54321 the Grappler (Vine Stalker Fighter)     Turns: 3717, Time: 00:05:49

Health: -1/35      AC:  9    Str: 21    XL:     7   Next: 47%
Magic:  1/8        EV:  9    Int:  8    God:
Gold:   149        SH:  0    Dex: 13    Spells: 6/6 levels left

rFire   . . .      SeeInvis .     - Unarmed
rCold   . . .      Faith    .   (no shield)
rNeg    . . .      Spirit   +   a - +0 scale mail
rPois   .          Reflect  .   (no helmet)
rElec   .          Harm     .   o - +2 cloak {Will+}
rCorr   .          Rampage  .   (no gloves)
Will    ++...                   (no boots)
Stlth   ..........              (no amulet)
HPRegen 0.91/turn               i - ring of willpower
MPRegen 0.11/turn               (no ring)

@: mighty, lethally poisoned (-1 -> -12)
A: fangs 2, regeneration 1, magic shield, antimagic bite, no potion heal 2
a: no special abilities


You were on level 4 of the Dungeon.
You visited 1 branch of the dungeon, and saw 4 of its levels.

You collected 149 gold pieces.

Inventory:

Armour
 a - a +0 scale mail (worn)
 b - a +0 buckler
 o - a +2 cloak of willpower (worn)
Jewellery
 i - a ring of willpower (left hand)
Wands
 m - a wand of mindburst (7)
 n - a wand of polymorph (7)
Scrolls
 d - a scroll of enchant armour {unknown}
 g - a scroll of fear {unknown}
 h - a scroll of teleportation {unknown}
 q - 2 scrolls of identify {unknown}
 r - a scroll of immolation {unknown}
 s - a scroll of amnesia {unknown}
Potions
 e - a potion of curing {unknown}
 f - a potion of lignification {unknown}
 j - a potion of berserk rage {unknown}
 k - 2 potions of heal wounds {unknown}
 l - a potion of magic {unknown}
 p - a potion of haste {unknown}


   Skills:
 - Level 2.6 Fighting
 - Level 2.4 Armour
 - Level 2.6 Shields
 * Level 8.1 Unarmed Combat


You had 6 spell levels left.
You didn't know any spells.
Your spell library contained the following spells:

 Spells                   Type           Power      Damage    Failure   Level
 Foxfire                  Conj/Fire      0%         2x1d4     75%         1
 Magic Dart               Conj           0%         1d3       75%         1
 Shock                    Conj/Air       0%         1d3       75%         1


Dungeon Overview and Level Annotations

Branches:
Dungeon (4/15)
 Temple: D:4-7

Altars:

Shops:
D:4 (


Innate Abilities, Weirdness & Mutations

You have extremely sharp teeth.
Your natural rate of healing is unusually fast.
When hurt, damage is shared between your health and your magic reserves.
Your bite disrupts and absorbs the magic of your enemies.
Potions cannot restore your health.


Message History

The scorpion poisons you!
You barely miss the adder. Your bite misses the adder.
You feel very sick.
The scorpion pulls away from the web.
The scorpion stings you. The adder bites you.
You are more poisoned.
The adder poisons you!
You feel very sick. The adder barely misses you.
You see here a bat corpse.
You pick your way through the web.
You feel very sick. The scorpion stings you. The adder barely misses you.
The scorpion stings you.
You are more poisoned.
The scorpion poisons you!
There is a web here.
You see here a bat corpse.
You feel very sick.
The adder is caught in a web!
You punch the adder!
You kill the adder!
You feel very sick.
The scorpion evades a web.
You hit the scorpion but do no damage. You punch the scorpion.
You bite the scorpion. You drain its power.
You feel invigorated.
The scorpion is lightly wounded.
You feel very sick.
The scorpion stings you but does no damage.
You hit the scorpion.
The scorpion is heavily wounded.
You feel sick. The scorpion stings you.
* * * LOW HITPOINT WARNING * * *
You feel very mighty all of a sudden.
You feel sick. The scorpion stings you.
* * * LOW HITPOINT WARNING * * *
You are lethally poisoned!
The scorpion poisons you!
You punch the scorpion!
You kill the scorpion!
You die...

.#... #. ..... #.
##....P #. .P.PP..
##### ^.....###.##.
##..^### #.....
##..^##.###.....
####bs###.......##.
##.@^s##.........###
#^.#####....##....#
#####.##..########....#
#.....##..# #...##
##........# #####
#........# #..†)....#
#........# ####'#######


You could see 2 scorpions and a bat.

Vanquished Creatures
  Menkaure (D:4)
  A phantom (D:3)
  3 scorpions (D:4)
  Crazy Yiuf (D:3)
  An iguana (D:4)
  Natasha (thrice) (D:3)
  2 howler monkey skeletons (D:4)
  3 gnolls
  6 adders
  2 worms (D:3)
  4 dart slugs
  2 orcs
  8 endoplasms
  A giant cockroach (D:3)
  3 goblins
  8 hobgoblins
  A quokka (D:2)
  7 ball pythons
  12 bats
  2 frilled lizards (D:2)
  5 kobolds
  4 rats
80 creatures vanquished.

Vanquished Creatures (others)
  4 fungi
  4 plants (D:3)
8 creatures vanquished.

Grand Total: 88 creatures vanquished

Notes
Turn   | Place    | Note
-------+----------+-------------------------------------------
     0 | D:1      | Redcow54321 the Vine Stalker Fighter began the quest for
                  | the Orb.
     0 | D:1      | Reached XP level 1. HP: 11/11 MP: 2/2
   371 | D:1      | Reached XP level 2. HP: 13/16 MP: 3/3
   836 | D:1      | Reached skill level 3 in Unarmed Combat
  1251 | D:2      | Reached XP level 3. HP: 19/19 MP: 4/4
  1323 | D:2      | Got Dybrublet's First Steps in Sorcery
  2244 | D:3      | Reached skill level 4 in Unarmed Combat
  2336 | D:3      | Gained mutation: Your natural rate of healing is unusually
                  | fast. [Vine Stalker growth]
  2336 | D:3      | Reached XP level 4. HP: 20/23 MP: 5/5
  2414 | D:3      | Noticed Natasha
  2421 | D:3      | Killed Natasha
  2480 | D:3      | Noticed a phantom
  2513 | D:3      | Killed a phantom
  2514 | D:3      | Reached skill level 5 in Unarmed Combat
  2514 | D:3      | Reached XP level 5. HP: 16/27 MP: 6/6
  2569 | D:3      | Found a runed translucent door.
  2570 | D:3      | Noticed Crazy Yiuf
  2581 | D:3      | Killed Crazy Yiuf
  2637 | D:3      | Noticed Natasha
  2650 | D:3      | Killed Natasha
  2651 | D:3      | Reached skill level 6 in Unarmed Combat
  2651 | D:3      | Reached XP level 6. HP: 32/32 MP: 7/7
  2684 | D:3      | Noticed Natasha
  2690 | D:3      | Killed Natasha
  2702 | D:3      | Found a faded altar of an unknown god.
  3049 | D:4      | Noticed Menkaure
  3057 | D:4      | Killed Menkaure
  3058 | D:4      | Reached skill level 7 in Unarmed Combat
  3098 | D:4      | Reached XP level 7. HP: 27/35 MP: 4/8
  3654 | D:4      | Found Ycidyuf's Antique Weapon Emporium.
  3676 | D:4      | Reached skill level 8 in Unarmed Combat
  3717 | D:4      | Succumbed to a scorpion's poison

Illustrated notes

Levels and vault maps discovered:
D:1:      enne_arrival_octagon_isle, layout_loops_ring
D:2:      layout_loops_corners, serial_aquarium, aquarium_bridge_long_joined
          [aquarium_subvault_wall, aquarium_subvault_wall,
          aquarium_subvault_wall, aquarium_subvault_wall,
          aquarium_subvault_wall, aquarium_subvault_bridge],
          aquarium_window_corridor_1, aquarium_window_corner, aquarium_view_2e,
          aquarium_view_2a, aquarium_pool_1, nicolae_elevator_lobby_asterisk
D:3:      layout_basic, shapermc_ecumenical_altar_mp_urbaneastern,
          uniq_crazy_yiuf_cottage, uniq_natasha
D:4:      old_forge, layout_gridville, cheibrodos_worm_habitat, serial_shops,
          shop_fountains, nicolae_figureground_pulse, uniq_menkaure

Skill      XL: |  1  2  3  4  5  6  7 |
---------------+----------------------+-----
Unarmed Combat | 3 4 5 6 7 8 |  8.1
Fighting       | |  2.6
Armour         | |  2.4
Shields        | |  2.6

Action                   |  1- 3 |  4- 6 |  7- 9 || total
-------------------------+-------+-------+-------++-------
Melee: Unarmed           |   117 |   101 |    51 ||   269
       Bite              |    22 |    41 |    14 ||    77
       Punch             |     1 |     1 |     5 ||     7
  Use: Potion            |       |       |     1 ||     1
Armor: Scale mail        |    55 |    22 |    29 ||   106
Dodge: Dodged            |    56 |    31 |    27 ||   114

Table legend: (Time is in decaauts)
 A = Elapsed time spent in this place.
 B = Non-inter-level travel time spent in this place.
 C = Inter-level travel time spent in this place.
 D = Time resting spent in this place.
 E = Time spent auto-exploring this place.
 F = Levels seen in this place.
 G = Mean time per level.
                   A        B        C        D        E       F      G
               +--------+--------+--------+--------+--------+-----+--------+
         Total |   3696 |   3473 |    223 |      0 |   2878 |   4 |  924.0 |
       Dungeon |   3696 |   3473 |    223 |      0 |   2878 |   4 |  924.0 |
               +--------+--------+--------+--------+--------+-----+--------+

Top non-repeatable levels by time:
     D:2: 1166 daAuts
     D:3: 1010 daAuts
     D:1: 887 daAuts
     D:4: 632 daAuts
